 Dungeon Crawl Stone Soup version 0.30-b1-2-g02819fbbbe (webtiles) character file.

Game seed: 18164156976638478453

1362 snakesoul the Thaumaturge (level 8, -1/50 HPs)
             Began as a Djinni Conjurer on June 4, 2023.
             Was an Initiate of Makhleb.
             Slain by a water moccasin (6 damage)
             ... on level 8 of the Dungeon.
             The game lasted 00:10:01 (5213 turns).

snakesoul the Thaumaturge (Djinni Conjurer)         Turns: 5213, Time: 00:10:01

Health: -1/50      AC:  4    Str: 12    XL:     8   Next: 96%
Gold:   295        EV: 12    Int: 23    God:    Makhleb [......] SH:  0 Dex: 11

rFire   + + .        c - staff of poison
rCold   x . .        (no shield)
rNeg    . . .        a - +0 robe
rPois   ∞            q - +0 helmet
rElec   .            (no cloak)
rCorr   .            o - +0 pair of gloves
SInv    .            (boots unavailable)
Will    .....        (no amulet)
Stlth   ++           r - +6 ring of strength
HPRegen 0.28/turn    (no ring)
MPRegen 0.00/turn

%: infuse magic (-2 HP)
@: flying
A: sickness immunity, fire resistance 2, cold vulnerability 1, float, innate
caster, HP casting, extra vitality 1
a: Renounce Religion


You were on level 8 of the Dungeon.
You worshipped Makhleb.
Makhleb was noncommittal.
You visited 2 branches of the dungeon, and saw 7 of its levels.

You collected 295 gold pieces.

Inventory:

Armour
 a - a +0 robe (worn)
 o - a +0 pair of gloves (worn)
 q - a +0 helmet (worn)
Magical Staves
 c - a staff of poison (weapon)
 u - a staff of earth
Jewellery
 r - a +6 ring of strength (left hand)
Wands
 w - a wand of polymorph (4)
Scrolls
 b - 3 scrolls of teleportation
 d - a scroll of blinking {unknown}
 e - 4 scrolls of enchant armour
 h - a scroll of silence {unknown}
 i - 4 scrolls of identify
 j - 2 scrolls of butterflies
 k - a scroll of fear {unknown}
Potions
 f - a potion of might {unknown}
 g - a potion of degeneration {unknown}
 l - 2 potions of attraction {unknown}
 m - a potion of invisibility {unknown}
 n - a potion of cancellation {unknown}
 p - a potion of berserk rage {unknown}
 s - 2 potions of haste {unknown}
 t - a potion of lignification {unknown}
 v - a potion of brilliance {unknown}


   Skills:
 - Level 2.1 Dodging
 - Level 1.5 Stealth
 + Level 8.6 Spellcasting


You knew the following spells:

 Your Spells              Type           Power      Damage    Failure   Level
a - Magic Dart            Conj           100%       1d8       1%          1
b - Searing Ray           Conj           98%        2d8       1%          2
c - Dazzling Flash        Conj/Hex       98%        N/A       1%          3
d - Fulminant Prism       Conj/Hex       24%        3d12      1%          4
e - Iskenderun's Mystic   Conj/Tloc      49%        2d11      1%          4
f - Summon Small Mammal   Summ           100%       N/A       1%          1
g - Ensorcelled Hibernat  Hex/Ice        98%        N/A       1%          2
h - Confusing Touch       Hex            49%        N/A       1%          3
Your spell library was empty.

Dungeon Overview and Level Annotations

Branches:
Dungeon (8/15)             Temple (1/1) D:7
   Lair: D:8-11

Altars:
Ashenzari
Cheibriados
Elyvilon
Fedhas
Gozag
Hepliaklqana
Makhleb
Nemelex Xobeh
Okawaru
Qazlal
Ru
Uskayaw
Wu Jian
Xom
Yredelemnul
Zin
The Shining One

Shops:
D:3 (


Innate Abilities, Weirdness & Mutations

You are immune to sickness and miasma.
You are immune to poison.
Your flesh is very heat resistant. (rF++)
You are vulnerable to cold. (rC-)
You float through the air rather than walking.
You learn spells naturally, not from books.
Your magical power is your life essence.
You have superior vitality. (+4 MHP)


Message History

Casting: Magic Dart (safe; 1% risk of failure)
Confirm with . or Enter, or press ? or * to list all spells.
Aiming: Ensorcelled Hibernation (safe; 1% risk of failure)
Press: ? - help, Shift-Dir - straight line, f/p - water moccasin
Aim: a water moccasin (moderately wounded, chance to affect: 71%)
The water moccasin struggles to resist.
* * * LOW HITPOINT WARNING * * *
The water moccasin closely misses you.
Unknown command.
Casting: Ensorcelled Hibernation (safe; 1% risk of failure)
Confirm with . or Enter, or press ? or * to list all spells.
Aiming: Ensorcelled Hibernation (safe; 1% risk of failure)
Press: ? - help, Shift-Dir - straight line, f/p - water moccasin
Aim: a water moccasin (moderately wounded, chance to affect: 71%)
The water moccasin struggles to resist.
* * * LOW HITPOINT WARNING * * *
The water moccasin bites you.
* * * LOW HITPOINT WARNING * * *
The water moccasin misses you.
The orc throws a boomerang.
The boomerang barely misses you.
Casting: Ensorcelled Hibernation (safe; 1% risk of failure)
Confirm with . or Enter, or press ? or * to list all spells.
Aiming: Ensorcelled Hibernation (safe; 1% risk of failure)
Press: ? - help, Shift-Dir - straight line, f/p - water moccasin
Aim: a water moccasin (moderately wounded, chance to affect: 71%)
The water moccasin looks drowsy...
* * * LOW HITPOINT WARNING * * *
An orc comes into view. It is wielding a +0 hand axe.
The water moccasin bites you.
* * * LOW HITPOINT WARNING * * *
The water moccasin attacks as you move away!
The water moccasin closely misses you.
Found a scroll of enchant armour.
Found an escape hatch in the ceiling.
The water moccasin attacks as you move away!
The water moccasin barely misses you.
The water moccasin bites you but does no damage.
The water moccasin closely misses you.
The water moccasin attacks as you move away!
The water moccasin bites you.
You die...

...................'.....#
##..##..###+###..######.####
######..##..###########.....
........<...#...............
............#...............
............+...............
..####..######.####.###).###
..########..##.####.###..##
.?........S@..............#
<.........................#
#####.o####...###..####).#
.####..####...###..# #..#
#..........#.[...# .. #....
#..........#.....# . #....
###.##.##o###...## ##### #.
#. #.###...## . ..
#...#....#


You could see a water moccasin and an orc.

Vanquished Creatures
  Sigmund (D:4)
  Pargi (D:3)
  A centaur (D:7)
  A scorpion (D:4)
  A jelly (D:7)
  10 killer bees
  2 hounds
  3 orc priests
  5 orc wizards
  2 sleepcaps (D:4)
  7 gnolls (D:3)
  3 adders
  2 dart slugs
  11 orcs
  5 ball pythons
  3 bats
  4 endoplasms
  2 giant cockroaches
  7 goblins
  4 hobgoblins
  2 quokkas (D:1)
  4 kobolds
  3 rats
84 creatures vanquished.

Vanquished Creatures (others)
  11 fulminant prisms
  2 plants (D:7)
13 creatures vanquished.

Grand Total: 97 creatures vanquished

Notes
Turn   | Place    | Note
-------+----------+-------------------------------------------
     0 | D:1      | snakesoul the Djinni Conjurer began the quest for the Orb.
     0 | D:1      | snakesoul set off with the following spells memorised:
                  | Magic Dart, Searing Ray, Dazzling Flash, Fulminant Prism,
                  | Iskenderun's Mystic Blast.
     0 | D:1      | Reached XP level 1. HP: 15/15 MP: 0/0
   119 | D:1      | Found a faded altar of an unknown god.
   280 | D:1      | Reached XP level 2. HP: 17/21 MP: 0/0
   982 | D:2      | Reached XP level 3. HP: 18/25 MP: 0/0
   982 | D:2      | Learned a level 1 spell: Summon Small Mammal
  1060 | D:2      | Reached skill level 4 in Spellcasting
  1409 | D:2      | Reached XP level 4. HP: 28/31 MP: 0/0
  1743 | D:3      | Noticed Pargi
  1753 | D:3      | Killed Pargi
  1754 | D:3      | Reached skill level 5 in Spellcasting
  1754 | D:3      | Reached XP level 5. HP: 20/35 MP: 0/0
  1754 | D:3      | Learned a level 2 spell: Ensorcelled Hibernation
  1846 | D:3      | Found Xoicaagi's Antique Weapon Shop.
  2365 | D:3      | Reached XP level 6. HP: 31/40 MP: 0/0
  3116 | D:4      | Noticed Sigmund
  3122 | D:4      | Killed Sigmund
  3123 | D:4      | Reached skill level 6 in Spellcasting
  3123 | D:4      | Reached XP level 7. HP: 39/45 MP: 0/0
  3123 | D:4      | Learned a level 3 spell: Confusing Touch
  3925 | D:4      | You are sucked into a shaft and drop 3 floors!
  3952 | D:7      | Found a staircase to the Ecumenical Temple.
  3966 | Temple   | Entered the Ecumenical Temple
  4173 | Temple   | Became a worshipper of Makhleb the Destroyer
  4260 | D:7      | Reached skill level 7 in Spellcasting
  4419 | D:7      | Reached XP level 8. HP: 47/50 MP: 0/0
  4838 | D:7      | Reached skill level 8 in Spellcasting
  5213 | D:8      | Slain by a water moccasin

Illustrated notes

Levels and vault maps discovered:
D:1:      co_arrival_random_square_maze, layout_basic,
          hellmonk_ecumenical_altar_blasted, minmay_misc_feat_columns
D:2:      layout_loops_ring
D:3:      layout_loops_corners, serial_shops, nicolae_shop_overgrown_old_shop,
          nicolae_titane, uniq_pargi
D:4:      layout_basic, uniq_sigmund
D:7:      layout_gridville, minmay_temple_entry_gardened_gates
D:8:      layout_gridville
Temple:   nicolae_temple_slightly_damp_pantheon

Skill      XL: |  1  2  3  4  5  6  7  8 |
---------------+-------------------------+-----
Spellcasting   | 4 5 6 7 8 |  8.6
Dodging        | |  2.1
Stealth        | |  1.5

Action                     |  1- 3 |  4- 6 |  7- 9 || total
---------------------------+-------+-------+-------++-------
  Melee: Unarmed           |     2 |       |       ||     2
         Staff             |       |       |     1 ||     1
   Cast: Magic Dart        |    59 |    50 |    66 ||   175
         Summon Small Mamm |     1 |     4 |       ||     5
         Searing Ray       |       |     8 |     2 ||    10
         Fulminant Prism   |       |       |    11 ||    11
         Ensorcelled Hiber |       |       |     6 ||     6
         Dazzling Flash    |       |       |     1 ||     1
    Use: Scroll            |       |       |     3 ||     3
 Armour: Robe              |     3 |     3 |     3 ||     9
  Dodge: Dodged            |     3 |    14 |    27 ||    44
